 Dungeon Crawl Stone Soup version 0.28-a0-464-g0687ed57fd (webtiles) character file.

Game seed: 11035744073551776455

20762 Aggronaut the Severer (level 12, -10/116 HPs)
             Began as a Minotaur Berserker on Sept 14, 2021.
             Was a High Priest of Trog.
             Shot with an arrow by something (19 damage)
             ... on level 12 of the Dungeon.
             The game lasted 00:30:58 (11887 turns).

Aggronaut the Severer (Minotaur Berserker)         Turns: 11887, Time: 00:30:59

Health: -10/116    AC: 21    Str: 28    XL:     12   Next: 48%
Magic:  11/11      EV:  8    Int:  4    God:    Trog [*****.]
Gold:   803        SH:  0    Dex: 15    Spells: 11/11 levels left

rFire   . . .      SeeInvis .   J - +9 executioner's axe of the Volcano {flame, Str+4}
rCold   + . .      Faith    .   (shield currently unavailable)
rNeg    . . .      Spirit   .   n - +3 plate armour {rC+}
rPois   .          Reflect  .   (helmet restricted)
rElec   .          Harm     .   o - scarf {shadows}
rCorr   .          Rampage  .   s - +0 pair of gloves
Will    .....                   l - +0 pair of boots
Stlth   ..........              (no amulet)
HPRegen 1.29/turn               y - +4 ring of protection
MPRegen 0.12/turn               e - +4 ring of protection

@: on berserk cooldown, slowed, studying Ice Magic, very slow
A: horns 2, retaliatory headbutt, iridescent scales 1, agile 1, deformed body,
regeneration 1
a: Renounce Religion, Berserk, Trog's Hand, Brothers in Arms


You were on level 12 of the Dungeon.
You worshipped Trog.
Trog was extremely pleased with you.
You visited 1 branch of the dungeon, and saw 12 of its levels.
You also visited: Bailey and Ice Cave.

You collected 899 gold pieces.
You spent 96 gold pieces at shops.

Inventory:

Hand Weapons
 x - the +10 glaive "Vil Qopro" {vamp, rN+++ Will- MP+9 SInv}
   (You took it off an orc warrior on level 7 of the Dungeon)

   It occasionally heals its wielder for a portion of the damage dealt when it
   wounds a living foe.
   rN:        It renders you almost immune to negative energy.
   MP:        It affects your magic capacity (+9).
   SInv:      It lets you see invisible.
   Will:      It decreases your willpower.
 E - a +1 battleaxe
 J - the +9 executioner's axe of the Volcano (weapon) {flame, Str+4}
   (Trog gifted it to you in an ice cave)

   It burns those it strikes, dealing additional fire damage.
   Big, fiery blades are also staple armaments of hydra-hunters.
   Str:       It affects your strength (+4).
Missiles
 A - 2 throwing nets (quivered)
Armour
 l - a +0 pair of boots (worn)
 n - a +3 plate armour of cold resistance (worn)
 o - a scarf of shadows (worn)
 s - a +0 pair of gloves (worn)
 w - a +4 ring mail
Jewellery
 a - a ring of poison resistance
 e - a +4 ring of protection (right hand)
 q - a ring of ice
 v - an amulet of guardian spirit
 y - a +4 ring of protection (left hand)
 G - a ring of see invisible
Wands
 f - a wand of polymorph (19)
 r - a wand of paralysis (10)
 C - a wand of mindburst (21)
Scrolls
 b - 3 scrolls of enchant weapon {unknown}
 d - 2 scrolls of amnesia {unknown}
 g - 2 scrolls of teleportation
 k - 2 scrolls of fog
 p - a scroll of silence {unknown}
 t - a scroll of magic mapping
 D - a scroll of enchant armour {unknown}
 H - 2 scrolls of fear
 I - a scroll of noise {unknown}
Potions
 c - 2 potions of attraction
 h - 3 potions of flight
 j - 5 potions of curing
 m - 2 potions of magic {unknown}
 u - 3 potions of lignification {unknown}
 B - a potion of haste
 F - 2 potions of might


   Skills:
 * Level 13.6 Fighting
 + Level 19.3 Axes
 - Level 2.5 Armour
 - Level 2.2 Dodging


You had 11 spell levels left.
You didn't know any spells.
Your spell library contained the following spells:

 Spells                   Type           Power      Damage    Failure   Level
 Call Canine Familiar     Summ           0%         N/A       100%        3
 Portal Projectile        Hex/Tloc       0%         N/A       100%        3
 Leda's Liquefaction      Hex/Erth       0%         N/A       100%        4
 Summon Lightning Spire   Summ/Air       0%         N/A       100%        4
 Storm Form               Tmut/Air       0%         N/A       100%        7
 Maxwell's Capacitive Co  Air            0%         ∞         100%        8


Dungeon Overview and Level Annotations

Branches:
Dungeon (12/15)            Temple (0/1) D:7          Bailey (visited)
  IceCv (visited)
   Lair: D:8-11         Orc: D:9-12

Altars:
Ashenzari
Cheibriados
Dithmenos
Hepliaklqana
Kikubaaqudgha
Makhleb
Okawaru
Qazlal
Trog
Uskayaw
Vehumet
Wu Jian
Yredelemnul

Shops:
D:8 *   D:10 **


Innate Abilities, Weirdness & Mutations

You have a pair of horns on your head.
You reflexively headbutt those who attack you in melee.
You are partially covered in iridescent scales. (AC +2)
You are agile. (Dex +2)
Armour fits poorly on your strangely shaped body.
Your natural rate of healing is unusually fast.


Message History

Your plate armour prevents you from hitting something.
You slice something!! You burn something. Trog accepts your kill.
Trog appreciates your killing of a magic user.
Reactivating autopickup.
You feel a bit more experienced.
Deactivating autopickup; reactivate with Ctrl-A.
You closely miss something. Something hits you.
The deep elf zephyrmancer hits you but does no damage.
You hear a loud twanging sound.
An arrow appears from out of thin air!
The arrow hits you!
Items here: )) [[.
You slash the deep elf zephyrmancer! You burn the deep elf zephyrmancer.
You headbutt the deep elf zephyrmancer!
The deep elf zephyrmancer is severely wounded.
The deep elf zephyrmancer casts a spell.
The deep elf zephyrmancer blinks!
You hear a loud twanging sound.
An arrow appears from out of thin air!
The arrow hits you.
You feel a strong urge to attack something.
You are no longer berserk.
You are exhausted.
You feel yourself slow down.
You hear a loud twanging sound.
An arrow appears from out of thin air!
The arrow hits you but does no damage.
Items here: )) [[.
You completely miss something. Your headbutt misses something.
Something hits you. Something hits you!
The deep elf zephyrmancer gestures at you while chanting.
The bolt of lightning hits you!!
* * * LOW HITPOINT WARNING * * *
You hear a loud twanging sound.
An arrow appears from out of thin air!
The arrow hits you.
* * * LOW HITPOINT WARNING * * *
You miss the deep elf zephyrmancer.
Your headbutt misses the deep elf zephyrmancer.
The deep elf zephyrmancer is severely wounded.
You hear a loud twanging sound.
An arrow appears from out of thin air!
The arrow hits you!!
You die...

............#
..........(.#
............#
............#
...........#
..........#
####...###
#.#e# #.#@#
## #.#)### .#
#.#...#####..
.. .
#.###........
#.
#.###..######
###### #.
#.#....#
.....# #..
#...##.#
####..
#..#..###...
#....######..


You could see a deep elf zephyrmancer.

Vanquished Creatures
  5 two-headed ogres
  A deep elf knight (D:12)
  3 skeletal warriors (D:12)
  2 deep elf pyromancers
  Pikel (D:7)
  An orc knight (Bailey)
  The ghost of MacCMillion the Artisan of Death, a novice DsNe of Kikubaaqudgha (D:6)
  2 ugly things
  2 ice statues (IceCv)
  2 rime drakes (D:11)
  An anaconda simulacrum (IceCv)
  A freezing wraith (IceCv)
  A komodo dragon (D:9)
  A troll (D:11)
  3 slime creatures (D:12)
  Sigmund (D:3)
  4 wraiths
  4 wyverns
  A vampire (D:9)
  18 yaks (D:9)
  2 death yak simulacra (IceCv)
  An acid dragon (D:7)
  The ghost of Kavrick the Sneak, an amateur KoEn (D:6)
  15 orc warriors
  2 water moccasins (D:8)
  2 ice beasts (D:7)
  2 hornet zombies (D:8)
  A necrophage (D:5)
  2 sky beasts
  2 ogres
  3 centaurs
  3 lemures
  2 phantoms
  6 bullfrogs
  2 gnoll sergeants (D:6)
  3 scorpions
  A cane toad simulacrum (IceCv)
  2 water moccasin zombies
  2 wyvern skeletons (D:7)
  3 water moccasin skeletons
  6 wights
  4 howler monkeys (D:7)
  A lava snake (D:7)
  A bullfrog zombie (D:5)
  2 centaur zombies
  2 orc priests (D:9)
  3 centaur skeletons
  Crazy Yiuf (D:2)
  2 hounds
  4 iguanas
  8 orc wizards
  A polar bear simulacrum (IceCv)
  A killer bee zombie (D:7)
  2 howler monkey zombies
  4 adders
  11 gnolls
  2 howler monkey skeletons
  3 white imps
  2 adder skeletons (D:4)
  2 worms
  2 dart slugs
  39 orcs
  2 ball pythons (D:2)
  7 endoplasms
  6 giant cockroaches
  8 hobgoblins
  3 jackals (D:5)
  3 kobolds
  3 quokkas
  3 bats
  A frilled lizard (D:3)
  5 goblins
  5 rats
261 creatures vanquished.

Vanquished Creatures (others)
  36 plants (D:9)
36 creatures vanquished.

Grand Total: 297 creatures vanquished

Notes
Turn   | Place    | Note
-------+----------+-------------------------------------------
     0 | D:1      | Aggronaut the Minotaur Berserker began the quest for the
                  | Orb.
     0 | D:1      | Reached XP level 1. HP: 19/19 MP: 0/0
   411 | D:1      | Reached skill level 4 in Axes
   411 | D:1      | Reached XP level 2. HP: 27/27 MP: 1/1
   873 | D:1      | Found a faded altar of an unknown god.
  1438 | D:2      | Found a runed translucent door.
  1439 | D:2      | Noticed Crazy Yiuf
  1447 | D:2      | Killed Crazy Yiuf
  1448 | D:2      | Reached skill level 5 in Axes
  1448 | D:2      | Reached XP level 3. HP: 27/33 MP: 0/2
  1648 | D:3      | Noticed a +0 short sword
  1648 | D:3      | Noticed a +0 dagger
  1648 | D:3      | Noticed a +0 falchion
  1649 | D:3      | Noticed a +0 spear
  1649 | D:3      | Noticed a +0 short sword
  1650 | D:3      | Noticed a +0 spear
  1650 | D:3      | Noticed a +0 dagger
  1651 | D:3      | Noticed a +0 falchion
  1652 | D:3      | Found a hide-covered altar of Uskayaw.
  1693 | D:3      | Noticed Sigmund
  1703 | D:3      | Killed Sigmund
  1704 | D:3      | Reached skill level 7 in Axes
  1704 | D:3      | Reached XP level 4. HP: 40/40 MP: 3/3
  1704 | D:3      | Reached XP level 5. HP: 46/46 MP: 4/4
  1882 | D:3      | Reached ** piety under Trog
  2271 | D:4      | Found a shadowy altar of Dithmenos.
  2282 | D:4      | Reached skill level 8 in Axes
  2282 | D:4      | Reached XP level 6. HP: 39/52 MP: 5/5
  2771 | D:4      | Reached skill level 9 in Axes
  3001 | D:4      | Reached XP level 7. HP: 53/59 MP: 6/6
  3281 | D:5      | Entered Level 5 of the Dungeon
  3287 | D:5      | Reached skill level 10 in Axes
  3303 | D:5      | Found a radiant altar of Vehumet.
  3529 | D:5      | Found a stormy altar of Qazlal.
  3727 | D:5      | Identified the +3 falchion of the Dancing Enemy {chaos,
                  | Str+4}
  3856 | D:5      | Reached skill level 11 in Axes
  3924 | D:5      | Found a hazy altar of Hepliaklqana.
  3961 | D:5      | Found an ornate altar of the Wu Jian Council.
  3962 | D:5      | Found a snail-covered altar of Cheibriados.
  4217 | D:6      | Reached *** piety under Trog
  4220 | D:6      | Reached XP level 8. HP: 66/66 MP: 7/7
  4378 | D:6      | Reached skill level 12 in Axes
  4663 | D:6      | Found a runed translucent gate.
  4664 | D:6      | Found a runed translucent gate.
  4664 | D:6      | Found a runed translucent gate.
  4667 | D:6      | Noticed Kavrick's ghost (amateur KoEn)
  4667 | D:6      | Noticed MacCMillion's ghost (novice DsNe)
  4823 | D:6      | Reached skill level 13 in Axes
  5504 | D:6      | Found a burning altar of Makhleb.
  6168 | D:6      | Gained mutation: Your natural rate of healing is unusually
                  | fast. [potion of mutation]
  6168 | D:6      | Gained mutation: Armour fits poorly on your strangely
                  | shaped body. [potion of mutation]
  6168 | D:6      | Gained mutation: Your magical capacity is low. (-10% MP)
                  | [potion of mutation]
  6184 | D:6      | Killed MacCMillion's ghost
  6185 | D:6      | Reached skill level 14 in Axes
  6185 | D:6      | Reached XP level 9. HP: 71/71 MP: 7/7
  6196 | D:6      | Killed Kavrick's ghost
  6240 | D:7      | Noticed Pikel
  6300 | D:7      | Noticed a two-headed ogre
  6307 | D:7      | Killed a two-headed ogre
  6308 | D:7      | Reached skill level 15 in Axes
  6577 | D:7      | Reached skill level 16 in Axes
  6614 | D:7      | Noticed a purple ugly thing
  6616 | D:7      | Noticed a two-headed ogre
  6619 | D:7      | Identified the +10 glaive "Vil Qopro" {vamp, rN+++ Will-
                  | MP+9 SInv}
  6674 | D:7      | Reached **** piety under Trog
  6675 | D:7      | Reached XP level 10. HP: 78/78 MP: 8/8
  6679 | D:7      | Killed a two-headed ogre
  6741 | D:6      | Killed a purple ugly thing
  6742 | D:6      | Reached skill level 17 in Axes
  6773 | D:6      | Lost mutation: Your magical capacity is low. (-10% MP)
                  | [potion of mutation]
  6773 | D:6      | Lost mutation: Armour fits poorly on your strangely shaped
                  | body. [potion of mutation]
  6773 | D:6      | Gained mutation: You are partially covered in iridescent
                  | scales. (AC +2) [potion of mutation]
  6773 | D:6      | Gained mutation: You are agile. (Dex +2) [potion of
                  | mutation]
  6773 | D:6      | Gained mutation: Armour fits poorly on your strangely
                  | shaped body. [potion of mutation]
  6822 | D:7      | Killed Pikel
  7084 | D:7      | Reached skill level 5 in Fighting
  7241 | D:7      | Found a staircase to the Ecumenical Temple.
  7773 | D:8      | Found Lorocloh's Assorted Antiques.
  7776 | D:8      | Bought a scroll labelled EPEHUI CUGOFIU for 32 gold pieces
  7776 | D:8      | Bought a scroll of identify for 64 gold pieces
  8535 | D:9      | Reached skill level 18 in Axes
  8535 | D:9      | Reached XP level 11. HP: 92/92 MP: 10/10
  8548 | D:9      | Noticed a two-headed ogre
  8781 | D:9      | Killed a two-headed ogre
  8947 | D:9      | Reached ***** piety under Trog
  8968 | D:9      | Reached skill level 10 in Fighting
  9187 | D:9      | Found a bloodstained altar of Trog.
  9224 | D:10     | Entered Level 10 of the Dungeon
  9318 | D:10     | Found Ywnoni's Assorted Antiques.
  9557 | D:10     | Found a basalt altar of Yredelemnul.
  9557 | D:10     | Found an ancient bone altar of Kikubaaqudgha.
  9560 | D:10     | Found an iron altar of Okawaru.
  9711 | D:10     | Found Joud's Assorted Antiques.
  9952 | D:11     | Found a frozen archway.
  9971 | IceCv    | Entered an ice cave
  9978 | IceCv    | Identified the +9 executioner's axe of the Volcano {flame,
                  | Str+4} (Trog gifted it to you in an ice cave)
  9978 | IceCv    | Received a gift from Trog
  9986 | IceCv    | Found a transporter.
  9990 | IceCv    | Noticed a white ugly thing
 10001 | IceCv    | Found a transporter.
 10009 | IceCv    | Killed a white ugly thing
 10140 | D:11     | Found a flagged portal.
 10149 | Bailey   | Entered a bailey
 10235 | Bailey   | Noticed an orc knight
 10353 | Bailey   | Noticed an orc knight
 10400 | Bailey   | Killed an orc knight
 10401 | Bailey   | Reached XP level 12. HP: 108/112 MP: 11/11
 10433 | Bailey   | Identified the +1 barding "Zeklillopt" {Drain Will+ Int+4}
 10716 | D:11     | Noticed a two-headed ogre
 10721 | D:11     | Killed a two-headed ogre
 10969 | D:11     | Reached skill level 19 in Axes
 11173 | D:11     | Noticed a two-headed ogre
 11178 | D:11     | Killed a two-headed ogre
 11638 | D:12     | Found a broken altar of Ashenzari.
 11887 | D:12     | Shot with an arrow by something

Illustrated notes

Levels and vault maps discovered:
D:1:      scummos_arrival_checkerplants, layout_loops_ring,
          shapermc_ecumenical_altar_mp_vishouse
D:2:      layout_rooms, amcnicky_mini_rare_corridor_liquid,
          uniq_crazy_yiuf_cottage
D:3:      layout_basic, nicolae_uskayaw_en_pointe, uniq_sigmund
D:4:      layout_gridville, nicolae_dithmenos_shadow_blocks
D:5:      layout_rooms, fiery_altar_vehumet, mainiacjoe_overflow_alcove_4,
          minitemple
D:6:      layout_layer_cave, kennysheep_mini_moat, gammafunk_ghost_cemetery
D:7:      minmay_the_grid_octo_2x2 [minmay_the_grid_octo_pinwheel,
          minmay_the_grid_octo_77, minmay_the_grid_octo_thin_diamonds,
          minmay_the_grid_octo_prize_star], layout_cave_pools,
          minmay_temple_entry_arrows, nicolae_lava_and_water,
          hangedman_abyss_or_decor_slice, st_stairs_10,
          minmay_fractal_squares_gapless_5, uniq_pikel
D:8:      layout_basic, serial_shops, kennysheep_mini, minmay_misc_feat_plants
D:9:      layout_long_grid, tgw_trog, david_lair_shrubbed, david_orc_4
D:10:     layout_irregular_city, gammafunk_temple_overflow_claw, serial_shops,
          nicolae_shop_waterfront, shop
D:11:     layout_stronghold, enter_bailey_4, portal_ice_cave_rime
D:12:     layout_rooms, nicolae_trove_entry_crystal, dk_noncrumbling_3,
          kennysheep_big_empty_room, nicolae_ashenzari_panopticon

Skill      XL: |  1  2  3  4  5  6  7  8  9 10 11 12 |
---------------+-------------------------------------+-----
Axes           | 4 5 7 8 9 11 14 16 18 19 | 19.3
Fighting       | 4 7 12 13 | 13.6
Armour         | |  2.5
Dodging        | |  2.2

Action                   |  1- 3 |  4- 6 |  7- 9 | 10-12 || total
-------------------------+-------+-------+-------+-------++-------
Melee: Hand axe          |    53 |    68 |   286 |    58 ||   465
       Headbutt          |     7 |    14 |    58 |   111 ||   190
       Battleaxe         |       |       |       |   290 ||   290
       Executioner's axe |       |       |       |    74 ||    74
Invok: Berserk           |     2 |     1 |     7 |     6 ||    16
       Trog's Hand       |       |       |     1 |     2 ||     3
       Brothers in Arms  |       |       |       |     1 ||     1
Evoke: Wand              |       |       |       |     3 ||     3
  Use: Scroll            |       |       |     9 |     8 ||    17
       Potion            |       |       |     3 |     2 ||     5
 Stab: Distracted        |       |       |       |     1 ||     1
Armor: Leather armour    |    10 |       |       |       ||    10
       Ring mail         |    10 |    27 |   150 |    33 ||   220
       Plate armour      |       |       |       |   270 ||   270
Dodge: Dodged            |    29 |    29 |   114 |   186 ||   358
Block: Kite shield       |    10 |    16 |    87 |    12 ||   125

Table legend: (Time is in decaauts)
 A = Elapsed time spent in this place.
 B = Non-inter-level travel time spent in this place.
 C = Inter-level travel time spent in this place.
 D = Time resting spent in this place.
 E = Time spent auto-exploring this place.
 F = Levels seen in this place.
 G = Mean time per level.
                   A        B        C        D        E       F      G
               +--------+--------+--------+--------+--------+-----+--------+
         Total |  12005 |  11736 |    269 |   2213 |   6595 |  14 |  857.5 |
       Dungeon |  11462 |  11193 |    269 |   2138 |   6595 |  12 |  955.2 |
        Bailey |    408 |    408 |      0 |     26 |      0 |   1 |  408.0 |
      Ice Cave |    133 |    133 |      0 |     49 |      0 |   1 |  133.0 |
               +--------+--------+--------+--------+--------+-----+--------+

Top non-repeatable levels by time:
     D:6: 1919 daAuts
     D:7: 1300 daAuts
    D:11: 1198 daAuts
     D:5: 1186 daAuts
     D:4: 1077 daAuts
     D:8: 904 daAuts
     D:1: 896 daAuts
     D:2: 768 daAuts
     D:9: 682 daAuts
    D:10: 665 daAuts
     D:3: 596 daAuts
  Bailey: 408 daAuts
    D:12: 265 daAuts
   IceCv: 133 daAuts
